[Event "Israel National League 2024"]
[Site "Israel"]
[Date "2024.02.16"]
[Round "7.27"]
[White "Manor, Ilan"]
[Black "Kargin, Arseny"]
[Result "1-0"]
[ECO "E04"]
[WhiteElo "2469"]
[BlackElo "2377"]
[Annotator "TA"]
[PlyCount "81"]
[EventDate "2024.01.07"]
[EventType "team-tourn"]
[EventCountry "ISR"]
[SourceTitle "playchess.com"]
[Source "ChessBase"]
[SourceQuality "1"]
[TimeControl "40/5400+30:1800+30"]

1. d4 d5 2. c4 c6 3. Nf3 Nf6 4. Nc3 dxc4 5. g3 b5 6. Bg2 Bb7 7. O-O e6 8. a4 a6 9. e4 Nbd7 (9... Be7 $11) 10. e5 $14 {[%emt 0:00:47][%mdl 1024] White has compensation. White is slightly better.} Nd5 11. Ng5 Be7 (11... Bb4 $11 {remains equal.}) 12. Qh5 $16 g6 13. Qh6 Bf8 {[%emt 1:04:02] Repels Qg7} 14. Qh3 {[%emt 0:00:11] Nce4 is the strong threat.} Be7 {[%emt 0:00:00] [#]} (14... Bb4 $14) 15. Nce4 $1 {[%emt 0:10:36][%cal Oa1a3] Ra3! would now be deadly.} (15. Nxh7 $2 Nxc3 16. bxc3 Nf8 $19) 15... h6 {[%emt 0:00:00] [#]} 16. Re1 $1 Nf8 ({Black should try} 16... Kf8) 17. Nc5 Qb6 18. Bd2 {[%emt 0:04:48][%cal Oa4b5] White is much more active. The black rooks are passive.} a5 (18... Bxc5 $2 19. dxc5 Qc7 20. Ne4 $18) (18... h5 $16 19. Nge4 Nd7) 19. Nge4 {[%emt 0:01:22][%cal Od2g5] Hoping for Bg5!} Nd7 20. Nxb7 (20. Bxh6 O-O-O $11) (20. Nd6+ $16 Bxd6 21. exd6) 20... Qxb7 $11 21. axb5 (21. Bxh6 b4 22. Nd6+ Bxd6 23. exd6 O-O-O $17) 21... Qxb5 22. Bc3 a4 23. Nd6+ (23. Bf3 $15) 23... Bxd6 $17 24. exd6 O-O-O (24... Qb8 $17 25. Bxd5 (25. Rxe6+ fxe6 26. Qxe6+ Kd8 $17) 25... cxd5 26. Rxe6+ fxe6 27. Qxe6+ Kd8 28. Qxd5 Rf8) 25. Qg4 N7b6 $1 26. Qf3 Rh7 27. Bf1 Rxd6 ({Better is} 27... Kd7 $15) 28. Ra3 ({White should play} 28. Reb1 $11) 28... Nb4 (28... g5 $15) 29. Qf4 $11 Rd7 (29... Kd7 $11) 30. Re5 (30. b3 $1 $14 N4d5 (30... axb3 31. Rxb3 N6d5 32. Qd2 $14) 31. bxc4 Nxf4 32. cxb5) 30... N6d5 31. Bxb4 (31. Qc1 $15) 31... Qxb4 (31... Nxf4 $17 32. Rxb5 cxb5 33. gxf4 Rxd4) 32. Qc1 Nb6 33. Rc5 Rxd4 34. Rxc6+ Kd7 35. Qe3 $1 (35. Bg2 $2 Rh8 36. Bf3 Rc8 37. Rxc8 Nxc8 $19 (37... Kxc8 38. Qxh6 Kc7 39. Qg7 $11)) 35... Qxb2 (35... Rd6 $5 36. Rxd6+ (36. Rc5 $2 Rd1 $17) 36... Qxd6 $11 (36... Kxd6 37. Qd4+ Ke7 38. Bxc4 $11)) 36. Rc3 $1 {[%emt 0:00:23] Really sharp!} Rd6 37. Rxd6+ Kxd6 38. Bxc4 Ke7 $2 (38... Nxc4 $11 39. Rxc4 Ke7) 39. Qc5+ Kf6 40. Rf3+ Kg7 {[%emt 0:00:40] [#]} 41. Qe7 $1 {[%emt 0:30:40][%csl LRe6,LRf7] Weighted Error Value: White=0.24 (precise) /Black=0.39.  Loses game:     	---       	Black=1      Mistake:       	White=5     	Black=10     Inaccurate:     	White=2     	---        OK:         	White=7     	Black=5      Best:        	White=6     	Black=3      Strong:       	White=4     	Black=1} 1-0

[Event "Israel National League 2024"]
[Site "Israel"]
[Date "2024.02.16"]
[Round "7.29"]
[White "Soffer, Ram"]
[Black "Klenburg, Michael"]
[Result "1/2-1/2"]
[ECO "A54"]
[WhiteElo "2431"]
[BlackElo "2331"]
[Annotator "TA"]
[PlyCount "39"]
[EventDate "2024.01.07"]
[EventType "team-tourn"]
[EventCountry "ISR"]
[SourceTitle "playchess.com"]
[Source "ChessBase"]
[SourceQuality "1"]
[TimeControl "40/5400+30:1800+30"]

1. d4 d6 2. Nf3 Nf6 3. c4 Nbd7 4. Nc3 e5 5. Bg5 Be7 6. e3 c6 7. Qc2 Ng4 8. h3 {[%emt 0:03:26] [#] Bxe7 is the strong threat.} Nh2 9. Rxh2 {[%emt 0:04:57] Bxe7 would now be deadly.} Bxg5 10. dxe5 {[%emt 0:10:34] White is slightly better.} dxe5 11. O-O-O {[%emt 0:02:38] aiming for Nxg5.} Bf6 12. h4 Qa5 13. Ng5 h6 14. Nge4 Be7 15. Be2 Nf6 16. Nxf6+ Bxf6 17. Kb1 Be6 18. Rhh1 $1 Rd8 19. h5 Be7 20. g4 {[%emt 0:05:11] Weighted Error Value: White=0.07 (flawless) /Black=0.06 (flawless) .  Inaccurate:     	White=1     	---        OK:         	White=7     	Black=6      Strong:       	White=1     	---} 1/2-1/2

[Event "Israel National League 2024"]
[Site "Israel"]
[Date "2024.02.16"]
[Round "7.30"]
[White "Pasman, Michael"]
[Black "Krayz, Alexander"]
[Result "1-0"]
[ECO "A46"]
[WhiteElo "2341"]
[BlackElo "2327"]
[Annotator "TA"]
[PlyCount "63"]
[EventDate "2024.01.07"]
[EventType "team-tourn"]
[EventCountry "ISR"]
[SourceTitle "playchess.com"]
[Source "ChessBase"]
[SourceQuality "1"]
[TimeControl "40/5400+30:1800+30"]

1. d4 Nf6 2. Nf3 e6 3. g3 b5 4. Bg2 Bb7 5. O-O Be7 6. Bg5 d6 7. Qd3 a6 8. a4 Be4 {[%emt 0:01:25] The position is equal.} 9. Qd2 Nbd7 10. axb5 axb5 11. Nc3 Rb8 12. Bxf6 Nxf6 13. Nxe4 Nxe4 14. Qd3 f5 15. Nd2 d5 16. Ra6 Nxd2 17. Qxd2 Qd7 18. Qe3 Kf7 19. Rfa1 c6 20. g4 Rb7 21. Qh3 {[%emt 0:02:19] gxf5 is the strong threat.} Bd6 $2 {[%emt 0:06:07] [#] This move loses the game for Black.} (21... Bf6 $11 {and Black has nothing to worry.}) 22. gxf5 $18 Rc7 23. Qh5+ g6 24. fxg6+ Kg7 25. Ra8 Rb7 $2 (25... Rxa8 26. Qxh7+ (26. Rxa8 h6 $18) 26... Kf6 27. Qh4+ (27. Rxa8 Qxh7 28. gxh7 Rxh7 $18) 27... Kxg6 28. Rxa8 Qh7 29. Qxh7+ Rxh7) 26. gxh7 {[%emt 0:02:34] [#] White wants to mate with Qg5+.} Bb8 27. Qg5+ {[%emt 0:00:33] White mates.} Kf7 28. R1a3 Qe7 29. Qh5+ Kg7 30. Qg4+ Kf7 31. Rf3+ Ke8 32. Qg8+ {[%emt 0:00:10] Weighted Error Value: White=0.07 (flawless) /Black=0.43.  Loses game:     	---       	Black=1      Mistake:       	---       	Black=1      Inaccurate:     	---       	Black=3      OK:         	White=7     	Black=6      Best:        	White=3     	Black=2} 1-0

[Event "Israel National League 2024"]
[Site "Israel"]
[Date "2024.02.16"]
[Round "7.31"]
[White "Motylev, Alexander"]
[Black "Levin, Guy"]
[Result "1/2-1/2"]
[ECO "B23"]
[WhiteElo "2615"]
[BlackElo "2435"]
[Annotator "TA"]
[PlyCount "131"]
[EventDate "2024.01.07"]
[EventType "team-tourn"]
[EventCountry "ISR"]
[SourceTitle "playchess.com"]
[Source "ChessBase"]
[SourceQuality "1"]
[TimeControl "40/5400+30:1800+30"]

1. e4 c5 2. Nc3 Nc6 3. Nge2 Nd4 4. d3 g6 5. Nxd4 cxd4 6. Ne2 {[%emt 0:00:09] B23: Closed Sicilian: Lines without g3.} Bg7 7. g3 d5 8. Bg2 dxe4 9. dxe4 e5 10. O-O Ne7 11. b3 $146 ({Predecessor:} 11. Bg5 h6 12. Bxe7 Qxe7 13. c3 O-O 14. cxd4 exd4 15. Nf4 Qd6 16. Qd2 Bd7 17. Rfe1 {½-½ Hernandez Guerrero,G (2535)-Martin Del Campo C,R (2510) Linares NL m1 1993 (6)}) 11... Nc6 12. Ba3 Qa5 13. Bb2 Bg4 14. h3 Be6 15. c3 dxc3 16. Bxc3 Qc5 17. Rc1 Rd8 18. Bd2 Qa3 19. Nc3 O-O 20. Nd5 f5 (20... Qxa2 21. Ra1 Qb2 22. Bc3 $15) 21. Be3 fxe4 $1 22. Bc5 Qa5 $1 23. Bxe4 Rf7 24. b4 Qxa2 25. b5 Bxd5 26. bxc6 bxc6 27. Qd3 Qa4 28. Rfe1 Rfd7 29. Ra1 Qb5 (29... Bxe4 30. Qxd7 Rxd7 31. Rxa4 $18) 30. Bxd5+ (30. Qa3 $17) 30... Rxd5 $19 31. Qxb5 cxb5 32. Bxa7 {[%emt 0:00:06] [#]} e4 (32... b4 $1 $19 33. Rab1 (33. Bb6 Rb8) 33... Rb5) 33. Rab1 $17 Ra8 34. Bb6 Ra6 35. Bc7 Ra4 36. Kg2 Bc3 37. Re2 Rc4 38. Bf4 b4 39. Ra2 Rb5 40. Rb3 Kf7 41. Ra7+ Ke6 42. Ra6+ Kd7 (42... Kf5 $17 43. Ra8 Rbc5) 43. Ra7+ $15 Ke6 (43... Kc6 $17 44. Rxh7 Rb7) 44. Ra6+ $1 $19 (44. Rxh7 $2 {is the wrong capture.} Bd4 45. h4 Rc3 $19) 44... Kd5 45. Rd6+ Kc5 46. Rd7 {[%emt 0:00:59] [#]} Ra5 (46... Bd4 $142 $1 {...Rc3 is the strong threat.} 47. h4 Rc3) 47. Rxh7 $17 {[%emt 0:01:37] [#]} Kb5 ({Black should try} 47... Ra3 $1 $17 48. Rb1 Ra1) 48. Rb7+ $1 $11 Ka4 49. Rb1 Ka3 50. Bd2 $1 Ka2 ({Don't play} 50... Bxd2 $6 51. Ra1+ Kb3 (51... Kb2 52. Rxa5 b3 53. Rab5 $16) 52. Rxa5 $16) 51. R1xb4 Rxb4 52. Bxc3 Rxb7 53. Bxa5 Kb3 54. Bd2 Kc4 55. Be3 Rf7 56. Bb6 Rf6 57. Be3 Kd3 58. Bc5 Rf5 59. Be3 Ke2 60. Bb6 Rb5 61. Be3 Rb3 62. Bc5 Rf3 63. Bb6 Rb3 64. Bc5 Rf3 65. Bb6 Rb3 66. Bc5 1/2-1/2

[Event "Israel National League 2024"]
[Site "Israel"]
[Date "2024.02.16"]
[Round "7.32"]
[White "Gorodetzky, David"]
[Black "Sokolovsky, Yahli"]
[Result "1-0"]
[ECO "B50"]
[WhiteElo "2486"]
[BlackElo "2436"]
[Annotator "TA"]
[PlyCount "89"]
[EventDate "2024.01.07"]
[EventType "team-tourn"]
[EventCountry "ISR"]
[SourceTitle "playchess.com"]
[Source "ChessBase"]
[SourceQuality "1"]
[TimeControl "40/5400+30:1800+30"]

1. e4 c5 2. Nf3 d6 3. Bb5+ Bd7 4. Bxd7+ Nxd7 5. c3 Ngf6 6. Qe2 e6 7. d4 cxd4 8. cxd4 d5 {[%emt 0:00:11] The position is equal.} 9. e5 Bb4+ 10. Nbd2 Ne4 11. O-O Nxd2 12. Bxd2 Bxd2 13. Qxd2 O-O 14. Rfc1 Nb6 15. b3 Qd7 16. Ne1 Rfc8 17. Nd3 Qb5 {[%emt 0:13:10] Prevents Qa5} 18. Rc5 Rxc5 19. Nxc5 Nd7 20. a4 Qc6 21. Rc1 Rf8 (21... Nxc5 $14 22. Rxc5 Qa6) 22. h3 a6 23. Qb4 $36 {[%emt 0:09:19][%mdl 2048] White is in control.} b6 (23... b5 $142) 24. Nd3 $16 (24. Nxa6 $2 Qxc1+ 25. Kh2 Rc8 $19) 24... Qb7 25. Qc3 {[%emt 0:01:00] Wards off Rc8. White has more active pieces.} Rb8 26. b4 $1 Kf8 {[%emt 0:02:38] [#]} 27. b5 $1 Kg8 {[%emt 0:07:51] [#]} (27... axb5 $16 {is a better defense.} 28. axb5 Kg8) 28. Nb4 $1 $18 axb5 29. axb5 f6 30. Na6 Ra8 31. Qc6 Qxc6 32. bxc6 {[%emt 0:00:05][%mdl 4096] Endgame. KRN-KRN} Nf8 {[%emt 0:00:13] [#]} (32... Nxe5 33. dxe5 Rxa6 34. c7 $18) 33. c7 $1 Rc8 34. Rc6 Kf7 35. Rxb6 Ng6 {[%emt 0:00:55] [#]} 36. f4 $1 Ke7 (36... Ne7 37. Kf2) 37. Rb8 {[%emt 0:03:31] White is clearly winning.} ({Less strong is} 37. f5 Nf4 38. g4 (38. Rb8 Kd7 $18) 38... Nxh3+ 39. Kg2 Ng5 $18) 37... Kd7 38. Nc5+ Kxc7 39. Rxc8+ (39. Nxe6+ $2 {loses.} Kxb8 40. g3 fxe5 41. fxe5 Rc3 $19 (41... Rc1+ $2 42. Kf2 $19)) 39... Kxc8 40. Nxe6 {[%emt 0:00:11] Threatens to win with f5. KN-KN} Kd7 (40... fxe5 $142 41. fxe5 (41. Nxg7 Nxf4 42. dxe5 Kd7 $11) 41... Kd7 42. Nxg7 Ke7) 41. f5 Ne7 42. Nxg7 fxe5 43. dxe5 Nc6 44. e6+ Ke7 45. g4 {[%emt 0:05:01] Weighted Error Value: White=0.06 (flawless) /Black=0.24 (precise) .  Mistake:       	---       	Black=4      Inaccurate:     	White=2     	Black=5      OK:         	White=14    	Black=15     Best:        	White=2     	Black=2      Strong:       	White=2     	---} 1-0

[Event "Israel National League 2024"]
[Site "Israel"]
[Date "2024.02.16"]
[Round "7.33"]
[White "Yaniv, Yuval"]
[Black "Grinberg, Eyal"]
[Result "0-1"]
[ECO "B51"]
[WhiteElo "2383"]
[BlackElo "2471"]
[Annotator "TA"]
[PlyCount "66"]
[EventDate "2024.01.07"]
[EventType "team-tourn"]
[EventCountry "ISR"]
[SourceTitle "playchess.com"]
[Source "ChessBase"]
[SourceQuality "1"]
[TimeControl "40/5400+30:1800+30"]

1. e4 c5 2. Nf3 d6 3. Bb5+ Nd7 4. d4 cxd4 5. Nxd4 Ngf6 6. O-O e6 7. c4 Be7 8. Nc3 O-O 9. f4 (9. Bxd7 $11 Bxd7 10. h3) 9... Nb6 10. e5 dxe5 {[%emt 0:06:06] Black is slightly better.} 11. fxe5 a6 $1 12. exf6 Bxf6 13. Be3 {[%emt 0:28:03][%cal Oc4c5] Threatens to win with c5!} axb5 14. Ne4 {[%emt 0:03:15] aiming for Nxf6+.} Be7 ({Of course not} 14... bxc4 $6 15. Nxf6+ gxf6 16. Bh6 $11) 15. cxb5 Nd5 (15... e5 $17 16. Nf5 Bxf5 17. Qxd8 Rfxd8 18. Rxf5 Nc4) 16. Bf2 $15 f5 17. Nc3 Nxc3 18. bxc3 Qd5 19. Qe2 Ra4 20. Rfe1 Bf6 21. Rad1 Rxa2 22. Qf1 e5 {[%emt 0:05:31] ...Rxf2 is the strong threat.} 23. Nxf5 $1 Qe6 24. Ng3 Bd8 $1 25. Re2 Bb6 $36 {[%emt 0:00:36][%mdl 2048] Black is really pushing.} 26. Ne4 {[%emt 0:00:38] [#]} ({White should play} 26. Rxa2 Qxa2 27. Ne4) 26... Ra4 $1 $17 {[%emt 0:02:56][%cal Oa4e4] Hoping for ...Rxe4! Black is more active.} 27. Rd6 $2 {[%emt 0:04:26] [#] Loses the game.} (27. c4 $17 {keeps fighting.}) 27... Rxf2 $1 $19 28. Rxf2 Bxf2+ 29. Kxf2 Rxe4 30. Rd8+ $2 (30. Rxe6 Rf4+ 31. Ke3 Rxf1 32. Re8+ Rf8 33. Rxe5) 30... Kf7 {[%emt 0:00:09] ( -> ...Rf4+)} 31. Kg1+ Rf4 32. Qd3 Qb6+ 33. Kh1 {[%emt 0:00:01] [#]} Qxd8 $3 {[%emt 0:00:21][%mdl 512] Weighted Error Value: White=0.78/Black=0.03 (flawless) .  Loses game:     	White=1     	---        Mistake:       	White=3     	Black=1      Inaccurate:     	White=2     	---        OK:         	White=7     	Black=8      Best:        	---       	Black=4      Strong:       	White=1     	Black=3      Brilliant:      	---       	Black=1} 0-1

[Event "Israel National League 2024"]
[Site "Israel"]
[Date "2024.02.16"]
[Round "7.34"]
[White "Bakalchuk, Johnatan"]
[Black "Efroimski, Marsel"]
[Result "0-1"]
[ECO "A14"]
[WhiteElo "2450"]
[BlackElo "2434"]
[Annotator "TA"]
[PlyCount "90"]
[EventDate "2024.01.07"]
[EventType "team-tourn"]
[EventCountry "ISR"]
[SourceTitle "playchess.com"]
[Source "ChessBase"]
[SourceQuality "1"]
[TimeControl "40/5400+30:1800+30"]

1. c4 e6 2. Nf3 d5 3. b3 Nf6 4. g3 Be7 5. Bg2 O-O 6. O-O c5 7. e3 Nc6 8. Bb2 d4 9. exd4 cxd4 10. d3 Bc5 11. Re1 a5 12. Ne5 Nxe5 {[%emt 0:00:04] The position is equal.} 13. Rxe5 Nd7 14. Re2 Ra7 15. Na3 e5 16. Nb5 Ra6 17. a3 f6 (17... Ba7 $11 {remains equal.}) 18. Qd2 ({Better is} 18. Qe1 $16) 18... Nb8 $14 19. b4 axb4 20. axb4 Rxa1+ 21. Bxa1 Be7 22. Qe1 Na6 23. c5 b6 {[%emt 0:18:14][%cal Bb7b6,Bb6c5][%mdl 32] [#]} 24. Nxd4 $1 exd4 25. Rxe7 {[%emt 0:00:17] And now cxb6 would win.} bxc5 26. b5 Nb4 27. Ra7 Re8 (27... Nxd3 $6 28. Qe7 Qxe7 29. Rxe7 $14) 28. Qb1 (28. Qd1 $11) 28... Qb6 (28... Qd6 $15) 29. Qb3+ $1 $11 Be6 (29... Kh8 $5 30. Qf7 $8 Rg8 $11) 30. Qa4 Bf5 (30... Nxd3 $2 31. Ra6 Qd8 32. b6 $18) 31. Ra8 Rxa8 32. Qxa8+ (32. Bxa8 $11 Qe6 (32... Bxd3 33. Bxd4 Qxb5 34. Qxb5 $11) (32... Nxd3 33. Bd5+ Kf8 34. Qa8+ Ke7 35. Be4 $11) 33. Be4 Bxe4 (33... Nxd3 $2 34. Qa8+ Qc8 35. Qxc8+ Bxc8 36. Bxd3 $18) 34. dxe4) 32... Kf7 $19 33. Bd5+ Nxd5 34. Qxd5+ {[%emt 0:00:02][%mdl 4096] Endgame. KQB-KQB} Kg6 (34... Be6 $19 35. Qc6 Qxc6 36. bxc6 Ke7 (36... Bf5 37. c7 $17)) 35. g4 $1 $15 Bxg4 36. Qg2 $1 Kh5 37. h3 (37. Qd5+ $1 $11 {keeps the balance.} Kh6 38. Qe4) 37... Bf5 $17 {[%emt 0:00:13] Active counter play!} 38. Qxg7 Qxb5 (38... Bxh3 39. Qxh7+ Kg5 40. Bb2 $18 (40. Qxh3 Qxb5 41. Qg3+ Kh6 $18)) (38... Bxd3 $2 39. Qg4+ Kh6 40. Bb2 $18) 39. Qxf6 Qxd3 40. h4 $2 (40. Qf8 {is a better chance.} Qc2 (40... Bxh3 41. Qxc5+ Kg6 42. Qc6+ Kf7 43. Qc7+ Kf6 44. Qf4+ Ke7 45. Qe5+ Kf7 46. Qc7+ Kf6 47. Kh2 $16) 41. Bb2) 40... Kg4 $19 {[%emt 0:02:57] [#] ( -> ...Kh3)} 41. Qe5 Qd1+ 42. Kh2 Qf3 ({Weaker is} 42... Qxa1 43. Qg3+ Kh5 44. Qg5#) ({Inferior is} 42... Kxh4 43. Qxf5 Qxa1 44. Qxh7+ Kg5 45. Qe7+ Kf4 46. Qxc5 $11) 43. Kg1 Be4 44. Qe6+ Kxh4 45. Qe7+ Kh3 {[%emt 0:00:17] Weighted Error Value: White=0.56/Black=0.11 (very precise) .  Loses game:     	White=1     	---        Mistake:       	White=4     	Black=3      Inaccurate:     	White=6     	Black=2      OK:         	White=4     	Black=15     Best:        	---       	Black=4      Strong:       	White=3     	---        Brilliant:      	White=1     	---} 0-1

[Event "Israel National League 2024"]
[Site "Israel"]
[Date "2024.02.16"]
[Round "7.35"]
[White "Vagman, Roy"]
[Black "Shohat, Yotam"]
[Result "1-0"]
[ECO "B51"]
[WhiteElo "2302"]
[BlackElo "2328"]
[Annotator "TA"]
[PlyCount "137"]
[EventDate "2024.01.07"]
[EventType "team-tourn"]
[EventCountry "ISR"]
[SourceTitle "playchess.com"]
[Source "ChessBase"]
[SourceQuality "1"]
[TimeControl "40/5400+30:1800+30"]

1. e4 c5 2. Nf3 d6 3. Bb5+ Nd7 4. Ba4 Ngf6 5. O-O e6 6. d3 Be7 7. c4 O-O 8. Nc3 a6 9. Qe2 Qc7 10. Nd2 Ne5 11. f4 Nc6 12. Bxc6 Qxc6 13. b3 b5 14. Bb2 b4 15. Na4 Bb7 16. Rf3 Rfe8 17. Raf1 d5 18. Rg3 d4 19. e5 Nd7 20. Qg4 g6 21. h4 Kh8 22. Nf3 Rg8 23. Ng5 Raf8 24. Qh3 Rg7 25. Bc1 Bc8 26. Nf3 f5 27. h5 gxh5 28. Rxg7 Kxg7 29. Qxh5 Nb8 30. g4 Qe8 (30... fxg4 $11 31. Qxg4+ Kh8) 31. Qxe8 $14 Rxe8 32. gxf5 exf5 33. Nb6 Bb7 34. Nd5 Bd8 35. Rf2 Re6 36. Rh2 Nc6 37. Nh4 Bxh4 38. Rxh4 Rg6+ (38... Rh6 $14 39. Rxh6 Kxh6) 39. Kf2 $16 Nd8 40. Rh5 Ne6 41. Rxf5 Rh6 42. Rf6 (42. Kg3 $16) 42... Rxf6 $14 43. Nxf6 Kg6 44. Ne8 Bc6 45. Nd6 Ng7 46. a3 h5 ({Better is} 46... a5 $14) 47. axb4 $16 cxb4 48. Bb2 Nf5 49. Nxf5 Kxf5 50. Kg3 (50. Bxd4 $16 {Hoping for Bc5.} Kxf4 51. Bc5 Kxe5 52. Bxb4 (52. d4+ Ke4 $11)) 50... h4+ $2 ({Black should try} 50... a5 $1 $14) 51. Kxh4 $18 Bf3 52. Bxd4 (52. Kg3 $142 Be2 53. c5 (53. Bxd4 Bxd3 54. Bc5 Bc2 $14) 53... Bxd3 54. c6 (54. Bxd4 Be4 $11)) 52... Be2 $18 {[%emt 0:00:29] [#]} 53. c5 $1 Bd1 $2 (53... Bf3 54. Kg3 Bc6) 54. c6 $18 Bxb3 55. c7 Be6 56. Kg3 Bc8 57. Kf3 $2 (57. Bc5 a5 58. Kf3) 57... Ke6 $2 (57... Bb7+ 58. Ke3 Ke6) 58. Ke4 Bb7+ 59. Ke3 Bc8 {[%emt 0:03:41] [#]} 60. Bc5 $1 b3 61. Kd2 $2 (61. Ba3) 61... a5 $2 (61... Kf5 62. Be3 (62. Kc3 Kxf4 63. Bd4 b2 $18) 62... Ke6) 62. Kc3 $18 a4 63. Ba3 Kd5 64. Kb4 Kd4 65. Kxa4 Be6 66. Kb5 Kxd3 67. Kc6 Bc8 68. Kd6 Ke4 69. e6 1-0

[Event "Israel National League 2024"]
[Site "Israel"]
[Date "2024.02.16"]
[Round "7.36"]
[White "Kochavi, Dana"]
[Black "Guz, Ari"]
[Result "1/2-1/2"]
[ECO "B62"]
[WhiteElo "2121"]
[BlackElo "2291"]
[Annotator "NA RC"]
[PlyCount "68"]
[EventDate "2024.01.07"]
[EventType "team-tourn"]
[EventCountry "ISR"]
[SourceTitle "playchess.com"]
[Source "ChessBase"]
[SourceQuality "1"]
[TimeControl "40/5400+30:1800+30"]

1. e4 c5 2. Nf3 d6 3. d4 cxd4 4. Nxd4 Nf6 5. Nc3 Nc6 6. Bg5 e6 7. Bb5 Bd7 8. Qd3 Be7 9. O-O-O Nxd4 10. Bxd7+ Nxd7 11. Bxe7 Kxe7 12. Qxd4 Qb6 13. Qd2 Rhc8 14. f4 Rc4 15. Rhe1 Rac8 16. Re3 Qc5 17. f5 Qe5 18. fxe6 fxe6 19. Rg3 R4c6 20. Rg5 Qf6 21. Rf5 Qg6 22. Rb5 Nc5 23. Kb1 a6 24. Rb4 Qh5 25. Rd4 Qe5 26. Nd5+ Ke8 27. Nb4 Rb6 28. Rxd6 Rxd6 29. Qxd6 Qxd6 30. Rxd6 Ke7 31. Rd2 Rf8 32. c3 Rf1+ 33. Kc2 Nxe4 34. Re2 Rf2 1/2-1/2

[Event "Israel National League 2024"]
[Site "Israel"]
[Date "2024.03.01"]
[Round "9.1"]
[White "Motylev, Alexander"]
[Black "Peng, Li Min"]
[Result "1/2-1/2"]
[ECO "C63"]
[WhiteElo "2615"]
[BlackElo "2575"]
[Annotator "TA"]
[PlyCount "42"]
[EventDate "2024.01.07"]
[EventType "team-tourn"]
[EventCountry "ISR"]
[SourceTitle "playchess.com"]
[Source "ChessBase"]
[SourceQuality "1"]
[TimeControl "40/5400+30:1800+30"]

1. e4 e5 2. Nf3 Nc6 3. Bb5 f5 4. d3 fxe4 5. dxe4 Nf6 6. O-O d6 7. Qd3 a6 8. Ba4 b5 9. Bb3 {[%emt 0:00:11] Strongly threatening a4.} Na5 $1 10. Nc3 Nxb3 11. axb3 {[%emt 0:01:02] aiming for Nxb5.} Bb7 {[%emt 0:00:09] [#]} 12. Bg5 $1 Rb8 13. Nh4 h6 (13... Be7 $142) 14. Ng6 $16 Rg8 15. Bh4 {[%emt 0:14:05] White is much more active.} ({White should play} 15. f4 $16) 15... Kf7 $14 16. Bxf6 Qxf6 17. Nxf8 Rgxf8 18. Nd5 Qd8 19. c4 Kg8 20. f3 (20. Rfb1 $14) 20... c6 (20... bxc4 $1 $11 21. Qxc4 c6 22. Ne3+ d5) 21. Ne3 Qb6 {[%emt 0:00:06] Weighted Error Value: White=0.16 (very precise) /Black=0.17 (very precise) .  Mistake:       	White=2     	Black=2      Inaccurate:     	White=1     	Black=2      OK:         	White=5     	Black=6      Best:        	White=2     	Black=1      Strong:       	White=1     	Black=1} 1/2-1/2

[Event "Israel National League 2024"]
[Site "Israel"]
[Date "2024.03.01"]
[Round "9.2"]
[White "Tzidkiya, Yeshaayahu"]
[Black "Sokolovsky, Yahli"]
[Result "1/2-1/2"]
[ECO "C44"]
[WhiteElo "2448"]
[BlackElo "2436"]
[Annotator "TA"]
[PlyCount "88"]
[EventDate "2024.01.07"]
[EventType "team-tourn"]
[EventCountry "ISR"]
[SourceTitle "playchess.com"]
[Source "ChessBase"]
[SourceQuality "1"]
[TimeControl "40/5400+30:1800+30"]

1. e4 e5 2. Nf3 Nc6 3. g3 Nf6 4. d3 d5 5. exd5 Nxd5 6. Bg2 Bg4 7. h3 Be6 8. O-O (8. Qe2 $5) 8... Qd7 9. Ng5 Bf5 10. g4 (10. Nc3 $11 Nxc3 11. bxc3) 10... Bg6 $1 $17 11. Nc3 Nxc3 12. bxc3 h5 $1 13. Rb1 O-O-O 14. Be3 hxg4 (14... f6 $17 15. Ne4 hxg4 16. hxg4 Re8) 15. Qxg4 $11 Qxg4 16. hxg4 Rh4 17. Ne4 (17. Bxc6 $11 bxc6 18. f3) 17... Bxe4 18. Bxe4 {[%emt 0:00:07] aiming for Bf5+.} Rxg4+ 19. Kh2 {[%emt 0:00:10] Bf5+ would now be deadly.} Rh4+ 20. Kg3 Be7 21. Kf3 (21. Bf5+ $1 $11 {remains equal.} Kb8 22. Be4) 21... g6 22. Rg1 Rd6 23. Ke2 Nd8 24. Rb5 Ra6 $36 {[%emt 0:03:49][%mdl 2048] Black is really pushing.} 25. Rxe5 {[%emt 0:00:55] [#]} Bf6 26. Rc5 Rxa2 27. Kd2 c6 28. Rc4 Ra3 29. Bc5 Ra5 30. Bd6 Ne6 31. Bg3 Rg4 32. Bd5 {[%emt 0:00:37] Threatens to win with Bxe6+.} Bg5+ 33. Ke2 {[%emt 0:00:04] Bxe6+ is the strong threat.} Nf4+ 34. Bxf4 $2 (34. Kf3 Rxg3+ 35. Rxg3 Rxd5 36. Rxg5 Rxg5 37. Kxf4 Rf5+ 38. Ke3) 34... Rxg1 $19 35. Bh2 Rc1 36. Bxf7 Rxc2+ 37. Kf1 {[%emt 0:00:03] [#]} Rxf2+ $2 38. Kxf2 $17 Rf5+ 39. Rf4 Rxf4+ (39... Bxf4 $5 40. Be6+ $8 Kb8 41. Bxf5 Bxh2 42. Bxg6 a5 $14) 40. Bxf4 Bxf4 41. Bxg6 Bd2 42. c4 b5 43. Ke2 Bc3 {[%emt 0:01:16] next ...Kc7 is good for Black.} 44. Be8 bxc4 {[%emt 0:04:05] Weighted Error Value: White=0.26 (precise) /Black=0.28 (precise) .  Missed win:     	---       	Black=1      Mistake:       	White=4     	Black=1      Inaccurate:     	White=6     	Black=4      OK:         	White=13    	Black=13     Best:        	White=5     	Black=7      Strong:       	---       	Black=2} 1/2-1/2